 Dungeon Crawl Stone Soup version 0.21-a0-314-gb3271ec (webtiles) character file.

105 Hasart the Skirmisher (level 4, -1/37 HPs)
             Began as a Mummy Fighter on Sept 29, 2017.
             Killed from afar by an orc wizard (4 damage)
             ... with a magic dart
             ... on level 3 of the Dungeon.
             The game lasted 00:03:58 (1817 turns).

Hasart the Skirmisher (Mummy Fighter)               Turns: 1817, Time: 00:03:59

Health: -1/37      AC: 13    Str: 20    XL:     4   Next: 53%
Magic:  4/4        EV:  3    Int:  7    God:
Gold:   148        SH:  8    Dex: 11    Spells: 3/3 levels left

rFire    x . .     SeeInvis .   a - +0 long sword
rCold    + . .     Gourm    .   c - +0 shield
rNeg     + + +     Faith    .   l - +0 plate armour
rPois    ∞         Spirit   .   (no helmet)
rElec    .         Reflect  .   (no cloak)
rCorr    .         Harm     .   k - +1 pair of gloves
MR       .....                  (no boots)
Stlth    ..........             (no amulet)
HPRegen  0.12/turn              (no ring)
MPRegen  0.09/turn              (no ring)

@: no status effects
A: no food or potions, fire vulnerability, cold resistance 1, negative energy
resistance 3, torment resistance, unbreathing
a: no special abilities


You were on level 3 of the Dungeon.
You were not hungry.

You visited 1 branch of the dungeon, and saw 3 of its levels.

You collected 148 gold pieces.

Inventory:

Hand Weapons
 a - a +0 long sword (weapon)
Armour
 c - a +0 shield (worn)
 k - a +1 pair of gloves (worn)
 l - a +0 plate armour (worn)
Wands
 i - a wand of lightning (0/15)
Scrolls
 d - a scroll of remove curse {unknown}
 e - 3 scrolls of identify {unknown}
 f - a scroll of magic mapping {unknown}
 h - a scroll of amnesia {unknown}
 j - a scroll of enchant armour {unknown}
Books
 g - a book of Minor Magic

   Spells                             Type                      Level
   a - Magic Dart                     Conjuration                  1
   b - Blink                          Translocation                2
   c - Call Imp                       Summoning                    2
   d - Slow                           Hexes                        2
   e - Conjure Flame                  Conjuration/Fire             3
   f - Mephitic Cloud                 Conjuration/Poison/Air       3


   Skills:
 + Level 3.9 Fighting
 * Level 3.3 Long Blades
 - Level 2.4 Armour
 - Level 2.4 Shields


You had 3 spell levels left.
You didn't know any spells.

Dungeon Overview and Level Annotations

Branches:
Dungeon (3/15)

Altars:
Xom

Annotations:
D:3 2 transporters


Innate Abilities, Weirdness & Mutations

You do not eat or drink.
Your flesh is vulnerable to fire.
You are immune to poison.
Your flesh is cold resistant. (rC+)
You are immune to negative energy. (rN+++)
You are immune to unholy pain and torment.
You can survive without breathing.


Message History

Unknown command.
You closely miss the orc wizard.
The orc wizard is severely wounded.
The orc wizard hits you but does no damage.
You block the orc wizard's attack. The orc wizard hits you with a dagger.
* * * LOW HITPOINT WARNING * * *
Unknown command.
You hit the orc wizard.
The orc wizard is severely wounded.
The orc wizard gestures at you while chanting.
The magic dart hits you!
The orc wizard mumbles some strange words.
The orc wizard blinks!
Evoke which item? (* to show all) (? for menu, Esc to quit)
Aiming: Lightning Bolt (will waste charges)
Press: ? - help, Shift-Dir - straight line, f - you
Okay, then.
The orc wizard gestures at you while chanting.
The magic dart hits you!
You die...

PP≈≈(#.# #..............####.#
...≈.#.# #....#..............#
...≈5#.###############..#.###†.#
#+####.................(..# #..#
./..P#..######.......#..#.# #..#
.©.P8#..# #.......#..#.# #..#
######..# #.......##.#.# #..#
.©......## #.......##.... #..#
...####..#####†.@....##.... #...
#.######.#..(.((......#.....##.#
#..[...._.............#.....
####...#.#............#..>..#
#.................(#
#................#.#
#......o.###.....#.# #........#
#.....# # #........# #.....#


You could see an orc wizard.

Vanquished Creatures
  An orc wizard (D:3)
  3 adders
  An ooze (D:2)
  3 dart slugs
  2 leopard geckos
  2 orcs (D:3)
  5 bats
  2 giant cockroaches
  3 goblins
  3 hobgoblins
  12 jackals
  3 frilled lizards (D:1)
  3 kobolds
  5 rats
48 creatures vanquished.

Notes
Turn   | Place    | Note
-------+----------+-------------------------------------------
     0 | D:1      | Hasart the Mummy Fighter began the quest for the Orb.
     0 | D:1      | Reached XP level 1. HP: 18/18 MP: 1/1
   142 | D:1      | Reached XP level 2. HP: 21/24 MP: 2/2
   869 | D:2      | Reached XP level 3. HP: 29/29 MP: 3/3
  1546 | D:3      | Reached XP level 4. HP: 35/37 MP: 4/4
  1547 | D:3      | Found a transporter.
  1582 | D:3      | Found a transporter.
  1595 | D:3      | Found a shimmering altar of Xom.
  1817 | D:3      | Killed from afar by an orc wizard

Vault maps used:
D:1:      dpeg_arrival_leaves_temple_mockup
D:2:      first_bread
D:3:      gammafunk_wand_slinger, tso_altar, lemuel_crystal_altar,
          chequers_temple_overflow_minitemple

Skill      XL: |  1  2  3 |
---------------+----------+-----
Long Blades    | 2 3 |  3.3
Fighting       | |  3.9
Armour         | |  2.4
Shields        | |  2.4

Action                   |  1- 3 |  4- 6 || total
-------------------------+-------+-------++-------
Melee: Long sword        |    92 |    96 ||   188
Evoke: Wand              |       |     2 ||     2
Armor: Scale mail        |    51 |    22 ||    73
       Plate armour      |       |    76 ||    76
Dodge: Dodged            |    44 |    18 ||    62
Block: Shield            |    61 |    71 ||   132
       Rpst.: Long sword |    14 |     5 ||    19

Table legend:
 A = Spawn XP
 B = Non-spawn XP
 C = Spawn XP percentage of total XP
 D = Spawn monster count
 E = Non-spawn monster count
 F = Spawn count percentage of total count
 G = Total turns spent on level
                    A         B        C        D         E        F      G
               +---------+---------+-------+---------+---------+-------+---------
         Total |       0 |     150 |   0.0 |       0 |      48 |   0.0 |  1817
               +---------+---------+-------+---------+---------+-------+---------
           D:1 |       0 |      40 |   0.0 |       0 |      22 |   0.0 |   800
           D:2 |       0 |      45 |   0.0 |       0 |      15 |   0.0 |   738
           D:3 |       0 |      65 |   0.0 |       0 |      11 |   0.0 |   279
               +---------+---------+-------+---------+---------+-------+---------
